Map: [ESL] Amphion

Players

Cham

  • Race: Zerg Zerg
  • Spawn Location: 11:00

DisK - Winner!

  • Race: Protoss Protoss
  • Spawn Location: 7:00

Event: ESL SC2 Masters 2024 Spring (Regional)

VOD

Have the link to the VOD?

Description

Time

  • Played on: May 3, 2024, 2:16 p.m.
  • Length: 8:17

All games in this series

Show
View Real Time Build Order
Export as new Build Order

Cham Zerg 

Build Orders: Hatch First 

Get SALT Encoding   

  12  0:00  Drone  
  13  0:15  Overlord  
  13  0:18  Drone  
  14  0:34  Drone x2  
  16  0:51  Hatchery  
  16  0:54  Drone  
  16  1:00  Drone  
  16  1:03  Drone  
  18  1:16  Spawning Pool  
  18  1:17  Extractor  
  16  1:21  Drone  
  16  1:24  Drone  
  18  1:31  Drone  
  19  1:42  Drone  
  21  1:54  Drone  
  21  2:02  Queen x2  
  21  2:05  Zergling x4  
  27  2:18  Overlord, Drone  
  27  2:19  Metabolic Boost  
  28  2:38  Hatchery  
  28  2:40  Drone x2  
  29  2:47  Queen  
  29  2:48  Drone  
  32  2:52  Drone  
  32  2:58  Overlord  
  33  3:01  Zergling x2  
  33  3:02  Zergling x2  
  33  3:03  Drone  
  36  3:16  Drone x6  
  42  3:23  Queen  
  42  3:26  Overlord  
  44  3:32  Overlord  
  44  3:44  Queen  
  44  3:45  Drone x2  
  44  3:46  Drone x3  
  51  3:49  Drone  
  51  3:50  Drone  
  51  3:54  Drone  
  54  3:59  Roach Warren  
  54  4:02  Queen  
  55  4:06  Drone x2  
  55  4:08  Zergling x2  
  58  4:12  Zergling x4  
  58  4:14  Zergling x2  
  58  4:15  Zergling x2  
  62  4:20  Spore Crawler  
  62  4:21  Spore Crawler  
  62  4:22  Spore Crawler  
  59  4:26  Zergling x4  
  59  4:29  Overlord  
  61  4:34  Drone  
  61  4:35  Drone x3  
  65  4:46  Overlord x3  
  65  4:47  Drone  
  65  4:49  Drone  
  65  4:50  Drone x2  
  69  4:54  Roach x2  
  69  4:58  Overlord  
  69  4:59  Drone  
  73  5:06  Lair  
  63  5:15  Drone x9  
  63  5:20  Evolution Chamber, Drone  
  63  5:21  Extractor x2  
  71  5:22  Drone  
  71  5:27  Roach x2  
  75  5:30  Roach x2  
  75  5:34  Roach  
  81  5:35  Drone  
  81  5:37  Drone x3  
  81  5:41  Extractor  
  84  5:44  Drone x2  
  84  5:47  Overlord  
  84  5:48  Drone  
  87  5:56  Drone x3  
  86  5:59  Overlord, Extractor  
  86  6:00  Extractor  
  86  6:02  Roach x2  
  88  6:06  Roach x3  
  94  6:13  Overlord x2  
  94  6:16  Roach  
  95  6:18  Overlord  
  95  6:20  Overlord x4  
  95  6:21  Glial Reconstitution  
  95  6:30  Overlord  
  95  6:31  Roach  
  97  6:33  Roach, Overlord  
  97  6:36  Roach x2  
  97  6:37  Roach  
  105  6:41  Roach  
  105  6:44  Roach  
  109  6:50  Overseer  
  109  6:51  Roach x3  
  109  6:53  Roach  
  117  6:57  Overlord  
  117  6:59  Queen  
  116  7:04  Roach x2  
  116  7:05  Ravager x3  
  122  7:09  Zergling x4  
  122  7:10  Zergling x4  
  122  7:11  Ravager  
  126  7:18  Zergling x2  
  126  7:19  Roach x3  
  132  7:32  Zergling x2  
  132  7:33  Zergling x8  
  132  7:37  Hatchery  
  135  7:39  Overlord x2  
  135  7:40  Roach  
  135  7:43  Ravager x2  
  135  7:50  Roach x4  
  127  7:54  Roach  
Show
View Real Time Build Order
Export as new Build Order

DisK Protoss - Winner!

Build Orders: 1 Gate Expand, Zealot Archon, Archon Drop, Dark Templar Rush 

Get SALT Encoding   

  12  0:00  Probe  
  13  0:12  Probe  
  14  0:21  Pylon  
  14  0:24  Probe  
  15  0:39  Probe (Chrono Boost)  
  15  0:42  Gateway  
  16  0:49  Assimilator, Probe (Chrono Boost)  
  17  0:54  Probe (Chrono Boost)  
  18  1:05  Probe  
  19  1:17  Probe  
  20  1:25  Nexus  
  20  1:34  Cybernetics Core  
  20  1:38  Probe  
  21  1:46  Assimilator  
  21  1:50  Probe  
  21  1:53  Pylon  
  22  2:02  Probe  
  23  2:09  Adept (Chrono Boost)  
  23  2:11  Warp Gate  
  23  2:14  Probe  
  26  2:27  Twilight Council  
  26  2:29  Probe (Chrono Boost)  
  27  2:33  Stalker  
  29  2:37  Probe (Chrono Boost)  
  31  2:45  Probe (Chrono Boost)  
  31  2:47  Probe (Chrono Boost)  
  31  2:50  Probe (Chrono Boost)  
  32  2:52  Probe (Chrono Boost)  
  34  3:00  Probe  
  34  3:05  Robotics Facility  
  35  3:09  Probe  
  36  3:13  Probe  
  36  3:16  Gateway  
  37  3:21  Dark Shrine  
  37  3:24  Probe  
  37  3:27  Probe  
  39  3:35  Pylon  
  39  3:36  Probe  
  39  3:39  Probe  
  41  3:45  Gateway  
  41  3:46  Gateway  
  41  3:48  Probe  
  41  3:51  Probe  
  41  3:52  Assimilator  
  41  3:55  Assimilator  
  43  3:59  Warp Prism (Chrono Boost)  
  45  4:04  Probe  
  45  4:05  Probe  
  47  4:17  Pylon  
  47  4:18  Probe x2  
  49  4:25  Pylon  
  49  4:30  Probe x2  
  51  4:42  Probe  
  52  4:45  Dark Templar x4  
  52  4:51  Probe  
  61  4:54  Pylon, Probe  
  62  5:05  Blink (Chrono Boost)  
  62  5:14  Probe x2  
  64  5:15  Observer  
  64  5:19  Forge  
  64  5:21  Archon  
  65  5:22  Archon  
  65  5:25  Nexus  
  65  5:26  Pylon  
  65  5:28  Pylon  
  65  5:35  Probe x2  
  67  5:37  Sentry x3, Adept  
  75  5:44  Pylon  
  75  5:56  Protoss Ground Weapons Level 1 (Chrono Boost), Probe  
  76  5:59  Immortal  
  76  6:00  Sentry  
  82  6:05  Gateway  
  82  6:08  Gateway  
  82  6:09  Probe x2  
  84  6:19  Sentry x2  
  84  6:20  Stalker  
  84  6:21  Probe  
  91  6:26  Shield Battery  
  91  6:32  Gateway  
  91  6:34  Gateway  
  91  6:35  Probe  
  91  6:36  Probe  
  91  6:37  Immortal (Chrono Boost), Probe  
  98  6:48  Sentry x2  
  98  6:49  Stalker  
  104  6:55  Pylon, Gateway  
  104  6:57  Pylon  
  104  7:02  Stalker x2  
  104  7:04  Assimilator  
  104  7:05  Assimilator  
  108  7:14  Stalker x3  
  114  7:21  Stalker  
  116  7:35  Stalker x4  
  124  7:45  Stalker x2  
  128  7:54  Stalker x2  
  132  8:02  Stalker x2  
  126  8:07  Stalker  
  126  8:10  Zealot x3  
  126  8:11  Pylon  
  124  8:13  Pylon  
Tags
 
Add a new tag
Caveats
  • Supply blocks, unpowered buildings, or Contaminate may cause inaccurate times.
  • Supply counts are checked every 10 seconds.